 Dungeon Crawl Stone Soup version 0.28-a0-723-g095bd1b44f (webtiles) character file.

Game seed: 717340995308078724

0 meatgazer the Skirmisher (level 1, -6/18 HPs)
             Began as a Demonspawn Abyssal Knight on Oct 25, 2021.
             Was a Follower of Lugonu.
             Mangled by a large abomination (24 damage)
             ... on level 1 of the Abyss.
             The game lasted 00:00:20 (98 turns).

meatgazer the Skirmisher (Demonspawn Abyssal Knight)  Turns: 98, Time: 00:00:21

Health: -6/18      AC:  3    Str: 13    XL:     1   Next: 0%
Magic:  2/2        EV: 11    Int: 11    God:    Lugonu [*.....]
Gold:   17         SH:  0    Dex: 13    Spells: 0/0 levels left

rFire   . . .      SeeInvis .   a - +1 falchion
rCold   . . .      Faith    .   (no shield)
rNeg    . . .      Spirit   .   b - +0 leather armour
rPois   .          Reflect  .   (no helmet)
rElec   .          Harm     .   (no cloak)
rCorr   .          Rampage  .   (no gloves)
Will    .....                   (no boots)
Stlth   +.........              (no amulet)
HPRegen 0.06/turn               (no ring)
MPRegen 0.08/turn               (no ring)

@: no status effects
A: no striking features
a: Renounce Religion, Depart the Abyss


You were on level 1 of the Abyss.
You worshipped Lugonu.
Lugonu was aware of your devotion.
You visited 0 branches of the dungeon, and saw 0 of its levels.
You visited the Abyss 1 time.

You collected 17 gold pieces.

Inventory:

Hand Weapons
 a - a +1 falchion (weapon)
Armour
 b - a +0 leather armour (worn)


   Skills:
 + Level 3.0 Fighting
 + Level 1.7 Long Blades
 + Level 1.7 Armour
 + Level 0.8 Dodging
 + Level 2.4 Invocations


You couldn't memorise any spells.
You didn't know any spells.
Your spell library was empty.

Dungeon Overview and Level Annotations

Branches:
Dungeon (0/15)

Altars:


Message History

Welcome, meatgazer the Demonspawn Abyssal Knight.
The incredible Orb of Zot lies far below, as if waiting for you to find it.
Lugonu says: Depart the Abyss and spread corruption, my servant! (use the ability menu to exit the Abyss) Press ? for a list of commands and other information.
Found a corrupted altar of Lugonu and an ancient bone altar of Kikubaaqudgha.
Found a robe.
c - a scroll labelled WURINI ROMOQ
Found 10 sling bullets.
You see here a +0 robe.
Found a short sword.
You are suddenly pulled into a different region of the Abyss!
Found a whip.
You now have 3 gold pieces.
Found 9 poisoned darts.
You now have 17 gold pieces (gained 14).
A tentacled starspawn erupts from nowhere.
Found a leather armour.
A hellwing comes into view.
A tentacle flies out from the starspawn's body!
A starspawn tentacle comes into view.
As you read the scroll labelled WURINI ROMOQ, it crumbles to dust.
The scroll dissolves into smoke.
It was a scroll of fog.
The large abomination hits you!!
Ouch! That really hurt!
You die...

# #. ..#.# ##.
#.###. # #.
#..#..#..# #..
..##X#.## ##..
#.#.#.#
....###§..##
#####§§§§##...#
#....§§§4X##.. #
.....§§§#§@##....
#..###§###.# ####
. ## .#.# ..# .#
..# .. .. ....
#..## .##.# ## ..
## ##


You could see a large abomination and a hellwing.

Vanquished Creatures (others)
  2 starspawn tentacles (Abyss:1)
2 creatures vanquished.

Notes
Turn   | Place    | Note
-------+----------+-------------------------------------------
     0 | Abyss:1  | meatgazer the Demonspawn Abyssal Knight began the quest for
                  | the Orb.
     0 | Abyss:1  | Reached XP level 1. HP: 18/18 MP: 2/2
    59 | Abyss:1  | Noticed a tentacled starspawn
    59 | Abyss:1  | Noticed a large abomination
    92 | Abyss:1  | Noticed a hellwing
    98 | Abyss:1  | Mangled by a large abomination

Illustrated notes

Levels and vault maps discovered:
Abyss:1:  base: Temple, base:
Temple

Action                   || total
-------------------------++-------
  Use: Scroll            ||     1

Table legend: (Time is in decaauts)
 A = Elapsed time spent in this place.
 B = Non-inter-level travel time spent in this place.
 C = Inter-level travel time spent in this place.
 D = Time resting spent in this place.
 E = Time spent auto-exploring this place.
 F = Levels seen in this place.
 G = Mean time per level.
                   A        B        C        D        E       F      G
               +--------+--------+--------+--------+--------+-----+--------+
         Total |     98 |     98 |      0 |      0 |     53 |   1 |   98.0 |
         Abyss |     98 |     98 |      0 |      0 |     53 |   1 |   98.0 |
               +--------+--------+--------+--------+--------+-----+--------+

Top non-repeatable levels by time:
 Abyss:1: 98 daAuts
